 Dungeon Crawl Stone Soup version 0.26-a0-597-gb535b0901c (webtiles) character file.

Game seed: 3498160942198743614

530 Alarkh the Insei (level 7, 56/56 HPs)
             Began as a Demonspawn Monk on Sept 3, 2020.
             Was a Follower of Uskayaw.
             Got out of the dungeon alive.
             The game lasted 00:05:05 (3800 turns).

Alarkh the Insei (Demonspawn Monk)                  Turns: 3800, Time: 00:05:05

Health: 56/56      AC:  8    Str: 11    XL:     7   Next: 3%
Magic:  7/7        EV: 12    Int: 14    God:    Uskayaw [*.....]
Gold:   147        SH:  5    Dex: 15    Spells: 6/6 levels left

rFire    . . .     SeeInvis .     - Unarmed
rCold    . . .     Faith    .   (no shield)
rNeg     . . .     Spirit   .   q - +3 leather armour {rPois}
rPois    +         Reflect  +   e - +0 helmet
rElec    .         Harm     .   (no cloak)
rCorr    .                      (no gloves)
MR       .....                  r - +0 pair of boots
Stlth    ++........             g - amulet of reflection
HPRegen  0.18/turn              (no ring)
MPRegen  0.10/turn              (no ring)

@: no status effects
A: claws 2, spiny 2, rot immunity
a: Stomp, Renounce Religion


You escaped.
You worshipped Uskayaw.
Uskayaw was noncommittal.
You visited 2 branches of the dungeon, and saw 5 of its levels.

You collected 147 gold pieces.

Inventory:

Armour
 a - a +0 robe
 e - a +0 helmet (worn)
 q - a +3 leather armour of poison resistance (worn)
 r - a +0 pair of boots (worn)
Jewellery
 g - an amulet of reflection (around neck)
Wands
 i - a wand of flame (29)
 p - a wand of polymorph (6)
Scrolls
 b - a scroll of fog {unknown}
 c - 2 scrolls of immolation {unknown}
 d - a scroll of identify
 f - a scroll of fear {unknown}
 k - a scroll of enchant weapon {unknown}
 n - a scroll of remove curse {unknown}
 s - a scroll of teleportation {unknown}
Potions
 h - a potion of flight
 j - a potion of magic
 l - a potion of mutation {unknown}
 m - a potion of curing
 o - 4 potions of brilliance
 t - 2 potions of heal wounds
 u - a potion of resistance {unknown}


   Skills:
 + Level 5.2 Fighting
 - Level 2.6 Dodging
 - Level 1.7 Stealth
 * Level 6.2 Unarmed Combat


You had 6 spell levels left.
You didn't know any spells.
Your spell library was empty.

Dungeon Overview and Level Annotations

Branches:
Dungeon (4/15)             Temple (1/1) D:4

Altars:
Ashenzari
Dithmenos
Elyvilon
Hepliaklqana
Kikubaaqudgha
Makhleb
Okawaru
Qazlal
Sif Muna
Trog
Uskayaw
Vehumet
Wu Jian
Zin
The Shining One


Innate Abilities, Weirdness & Mutations

You have very sharp fingernails.
You are mostly covered in sharp spines.
You are immune to rotting.


Message History

You see here a chain mail.
HP restored.
There is an open door here.
You see here 28 stones.
There is an open door here.
There is a stone staircase leading up here.
You climb upwards.
There is a stone staircase leading down here.
There is a stone staircase leading up here.
You climb upwards.
There is a stone staircase leading down here.
You can't go up here!
There is an open door here.
You open the door.
There is an open door here.
You open the door.
There is an open door here.
There is a staircase leading out of the dungeon here.
Are you sure you want to leave the Dungeon?
This will make you lose the game!
You have escaped!

#.##..####.###.#...#....#####
#..........##..##.###.#.#
####..###'###.###.###.#.#
#........#†'.......#.#
##.#+#.#'###+#.###.#.#
#...#.'.....#.#.+...#
#.#.#.#.....#.#.#.###
#.#.#'#..>..#'#.#.#
#.#.#.#..@..#.#.#.#
#...#.#.....+.#...#
#.#'#.#######.#'########
#.......#.#.......##...#
#.###'###.###+###....#.#
#.#...# #)# #.....##...#
#....## #.# #########.##
###..####.# #.# #>....#.####
##.##


There were no monsters in sight!

Vanquished Creatures
  A phantom (D:4)
  An ogre (D:4)
  2 big kobolds (D:4)
  A scorpion (D:4)
  2 orc wizards (D:4)
  Ijyb (D:3)
  An adder (D:2)
  A worm (D:3)
  2 dart slugs
  11 orcs
  A ball python (D:3)
  7 bats
  7 giant cockroaches
  6 goblins
  8 hobgoblins
  5 jackals
  2 quokkas (D:3)
  A frilled lizard (D:2)
  12 kobolds
  4 rats
76 creatures vanquished.

Notes
Turn   | Place    | Note
-------+----------+-------------------------------------------
     0 | D:1      | Alarkh the Demonspawn Monk began the quest for the Orb.
     0 | D:1      | Reached XP level 1. HP: 18/18 MP: 1/1
   165 | D:1      | Reached skill level 3 in Unarmed Combat
   490 | D:1      | Gained mutation: You have sharp fingernails. [demonic
                  | ancestry]
   490 | D:1      | Reached XP level 2. HP: 24/24 MP: 2/2
  1108 | D:2      | Reached XP level 3. HP: 28/29 MP: 3/3
  1327 | D:2      | You fall into a shaft and drop 1 floor!
  1751 | D:3      | Reached skill level 4 in Unarmed Combat
  1751 | D:3      | Gained mutation: You are partially covered in sharp spines.
                  | [demonic ancestry]
  1751 | D:3      | Reached XP level 4. HP: 10/37 MP: 4/4
  2217 | D:3      | Noticed Ijyb
  2239 | D:3      | Killed Ijyb
  2462 | D:4      | Found an ancient bone altar of Kikubaaqudgha.
  2499 | D:4      | Noticed an ogre
  2521 | D:4      | Found a staircase to the Ecumenical Temple.
  3100 | D:4      | Killed an ogre
  3100 | D:4      | Gained mutation: You have very sharp fingernails. [demonic
                  | ancestry]
  3100 | D:4      | Reached XP level 5. HP: 42/42 MP: 5/5
  3111 | Temple   | Entered the Ecumenical Temple
  3359 | Temple   | Became a worshipper of Uskayaw the Reveler
  3359 | Temple   | Reached * piety under Uskayaw
  3417 | D:4      | Reached ** piety under Uskayaw
  3419 | D:4      | Reached skill level 5 in Unarmed Combat
  3423 | D:4      | Reached *** piety under Uskayaw
  3433 | D:4      | Reached **** piety under Uskayaw
  3591 | D:4      | Gained mutation: You are mostly covered in sharp spines.
                  | [demonic ancestry]
  3591 | D:4      | Reached XP level 6. HP: 45/49 MP: 6/6
  3651 | D:4      | Reached skill level 5 in Fighting
  3651 | D:4      | Reached skill level 6 in Unarmed Combat
  3686 | D:4      | Gained mutation: You are immune to rotting. [demonic
                  | ancestry]
  3686 | D:4      | Reached XP level 7. HP: 43/56 MP: 7/7
  3800 | D:$      | Got out of the dungeon alive.

Illustrated notes

Levels and vault maps discovered:
D:1:      shiori_arrival_maze, layout_loops_ring
D:2:      layout_basic
D:3:      layout_basic, kennysheep_minor_cross, uniq_ijyb
D:4:      cheibrodos_thug_alley, layout_cave_pools, lemuel_crystal_altar,
          cheibriados_altar_1, grunt_temple_overflow_cloverleaf,
          minmay_temple_entry_glass
Temple:   minmay_temple_curvy_branch

Skill      XL: |  1  2  3  4  5  6 |
---------------+-------------------+-----
Unarmed Combat | 3 4 5 6 |  6.2
Fighting       | 4 5 |  5.2
Dodging        | |  2.6
Stealth        | |  1.7

Action                   |  1- 3 |  4- 6 |  7- 9 || total
-------------------------+-------+-------+-------++-------
Melee: Unarmed           |   175 |    91 |     6 ||   272
       Punch             |     3 |     3 |       ||     6
  Use: Potion            |     3 |     2 |       ||     5
       Scroll            |       |     1 |       ||     1
 Stab: Sleeping          |     6 |       |       ||     6
       Paralysed         |       |     2 |       ||     2
Armor: Robe              |    30 |     3 |       ||    33
       Leather armour    |       |    19 |       ||    19
Dodge: Dodged            |   106 |    33 |     2 ||   141
Block: Other             |       |     7 |     1 ||     8

Table legend: (Time is in decaauts)
 A = Elapsed time spent in this place.
 B = Non-inter-level travel time spent in this place.
 C = Inter-level travel time spent in this place.
 D = Time resting spent in this place.
 E = Time spent auto-exploring this place.
 F = Levels seen in this place.
 G = Mean time per level.
                   A        B        C        D        E       F      G
               +--------+--------+--------+--------+--------+-----+--------+
         Total |   3785 |   3350 |    435 |    468 |   2281 |   5 |  757.0 |
       Dungeon |   3511 |   3125 |    386 |    468 |   2058 |   4 |  877.8 |
        Temple |    273 |    224 |     49 |      0 |    223 |   1 |  273.0 |
               +--------+--------+--------+--------+--------+-----+--------+

Top non-repeatable levels by time:
     D:3: 1439 daAuts
     D:2: 874 daAuts
     D:1: 748 daAuts
     D:4: 450 daAuts
  Temple: 273 daAuts
